[Event "ICC tourney 1921 (15 5)"]
[Site "Internet Chess Club"]
[Date "2020.07.17"]
[Round "6"]
[White "Ksadury"]
[Black "Knightboy123"]
[Result "1-0"]
[ICCResult "Black checkmated"]
[WhiteElo "1485"]
[BlackElo "1418"]
[Opening "Sicilian: Smith-Morra gambit"]
[ECO "B21"]
[NIC "SI.48"]
[Time "17:10:40"]
[TimeControl "900+5"]

1. e4 c5 2. d4 cxd4 3. c3 dxc3 4. Nxc3 d6 5. Bc4 e6 6. Nf3 Nc6 7. O-O Nf6 8.
Qe2 Be7 9. Rd1 Bd7 10. Bf4 e5 11. Bg5 a6 12. Bxf6 Bxf6 13. Rxd6 O-O 14. Rad1
Nd4 15. Nxd4 exd4 16. e5 Re8 17. Qh5 g6 18. Bxf7+ Kxf7 19. Qxh7+ Kf8 20.
Rxf6+ Qxf6 21. exf6 Re6 22. Qg7+ Ke8 23. Qg8# {Black checkmated} 1-0

[Event "ICC tourney 1921 (15 5)"]
[Site "Internet Chess Club"]
[Date "2020.07.17"]
[Round "6"]
[White "avaanc"]
[Black "harkerchess"]
[Result "0-1"]
[ICCResult "White checkmated"]
[WhiteElo "1536"]
[BlackElo "1474"]
[Opening "Giuoco Piano"]
[ECO "C54"]
[NIC "IG.02"]
[Time "17:10:40"]
[TimeControl "900+5"]

1. e4 e5 2. Nf3 Nc6 3. Bc4 Bc5 4. c3 Nf6 5. d4 exd4 6. e5 d5 7. Bb5 Ne4 8.
cxd4 Bb6 9. Nc3 O-O 10. Be3 Nxc3 11. bxc3 f6 12. Bxc6 bxc6 13. h3 Ba6 14.
Qd2 Ba5 15. exf6 Qxf6 16. Ne5 Rfe8 17. Nd7 Qg6 18. g3 Qe4 19. Rg1 Qf3 20.
Rc1 Bb5 21. a4 Bxa4 22. Ra1 Rab8 23. Ne5 Rxe5 24. dxe5 Rb3 25. Bd4 Rxc3 26.
Kf1 Bb5+ 27. Ke1 Rc1+ 28. Rxc1 Qe2# {White checkmated} 0-1

[Event "ICC tourney 1921 (15 5)"]
[Site "Internet Chess Club"]
[Date "2020.07.17"]
[Round "6"]
[White "gmcarebear999"]
[Black "pangpangba"]
[Result "1-0"]
[ICCResult "Black checkmated"]
[WhiteElo "1430"]
[BlackElo "1385"]
[Opening "QGD: Vienna variation"]
[ECO "D38"]
[NIC "QI.01"]
[Time "17:11:00"]
[TimeControl "900+5"]

1. d4 Nf6 2. c4 e6 3. Nf3 d5 4. Bg5 Bb4+ 5. Nc3 h6 6. Bd2 Nc6 7. cxd5 Nxd5
8. e3 Qe7 9. Bd3 O-O 10. O-O Nxc3 11. bxc3 Bd6 12. c4 b6 13. Rb1 e5 14. dxe5
Nxe5 15. Nxe5 Qxe5 16. f4 Qe7 17. Qf3 Rb8 18. Bc3 Bc5 19. Rbe1 Re8 20. Bd4
Bb7 21. Qg3 Bxd4 22. exd4 Qf6 23. Qf2 Rbd8 24. d5 Qd6 25. Rxe8+ Rxe8 26. Re1
Rxe1+ 27. Qxe1 Qxf4 28. Qe8# {Black checkmated} 1-0

[Event "ICC tourney 1921 (15 5)"]
[Site "Internet Chess Club"]
[Date "2020.07.17"]
[Round "6"]
[White "combusken1123"]
[Black "natez"]
[Result "1-0"]
[ICCResult "Black resigns"]
[WhiteElo "1450"]
[BlackElo "1563"]
[Opening "Caro-Kann: advance variation"]
[ECO "B12"]
[NIC "CK.04"]
[Time "17:10:31"]
[TimeControl "900+5"]

1. e4 c6 2. d4 d5 3. e5 Bf5 4. h4 e6 5. g4 Bg6 6. h5 Be4 7. f3 c5 8. fxe4
dxe4 9. dxc5 Qa5+ 10. Nc3 Bxc5 11. Bf4 Ne7 12. Qe2 O-O 13. Qxe4 Nd5 14. Bd2
Nxc3 15. Bxc3 Qb6 16. Nh3 Be3 17. Rd1 Qc6 18. Qxc6 Nxc6 19. Ke2 Bc5 20. Bg2
Rad8 21. Bxc6 bxc6 22. Rxd8 Rxd8 23. Rd1 Rd5 24. Rxd5 cxd5 25. Kd3 a6 26. b4
Bb6 27. Bd4 Bc7 28. a4 Kf8 29. c4 Ke7 30. c5 h6 31. b5 a5 32. b6 Bb8 33. c6
{Black resigns}
1-0

[Event "ICC tourney 1921 (15 5)"]
[Site "Internet Chess Club"]
[Date "2020.07.17"]
[Round "6"]
[White "SuperBlueSky"]
[Black "Kausy"]
[Result "0-1"]
[ICCResult "White checkmated"]
[WhiteElo "1540"]
[BlackElo "1688"]
[Opening "QGD semi-Slav"]
[ECO "D43"]
[NIC "SL.03"]
[Time "17:10:40"]
[TimeControl "900+5"]

1. d4 d5 2. c4 c6 3. Nf3 Nf6 4. Nc3 e6 5. Bg5 h6 6. Bh4 dxc4 7. e4 g5 8. Bg3
b5 9. a4 b4 10. Na2 Nxe4 11. Bxc4 Ba6 12. Bxa6 Nxa6 13. Qd3 Nac5 14. Qc4 Nd7
15. Rc1 Rc8 16. Qa6 c5 17. Nxb4 Nb6 18. Qb5+ Qd7 19. Qxd7+ Kxd7 20. dxc5
Bxc5 21. Nd3 Nxg3 22. hxg3 Nxa4 23. Ra1 Nb6 24. Rxa7+ Ke8 25. Nxc5 Rxc5 26.
O-O Kf8 27. Nd4 Rd5 28. Rd1 e5 29. Rb7 exd4 30. Rxb6 Kg7 31. Rd3 Rc8 32. Rb4
Rc1+ 33. Kh2 Rc2 34. f3 Re5 35. Rbxd4 Ree2 36. b4 Rxg2+ 37. Kh3 h5 38. Rd5
Rh2# {White checkmated} 0-1

[Event "ICC tourney 1921 (15 5)"]
[Site "Internet Chess Club"]
[Date "2020.07.17"]
[Round "6"]
[White "Senmeesin"]
[Black "LionMate"]
[Result "1-0"]
[ICCResult "Black checkmated"]
[WhiteElo "1233"]
[BlackElo "1220"]
[Opening "Sicilian"]
[ECO "B50"]
[NIC "SI.01"]
[Time "17:11:00"]
[TimeControl "900+5"]

1. e4 c5 2. Nf3 d6 3. c3 Nf6 4. Be2 Nxe4 5. Qa4+ Nc6 6. Qxe4 g6 7. Qc2 Bf5
8. Bd3 Bxd3 9. Qxd3 Bg7 10. O-O O-O 11. Qc2 e5 12. d3 Rc8 13. Be3 b6 14. c4
f5 15. Nc3 f4 16. Bd2 Ne7 17. h3 Nf5 18. Ne4 Rc6 19. Qa4 Rc7 20. b4 Nd4 21.
Nxd4 cxd4 22. f3 Rf5 23. Kf2 Qh4+ 24. Ke2 Bf8 25. Be1 Qd8 26. Qb3 g5 27. b5
Kg7 28. a4 Qc8 29. Bd2 h5 30. a5 g4 31. fxg4 hxg4 32. hxg4 Rff7 33. axb6
Qxg4+ 34. Ke1 axb6 35. Qd1 Qh4+ 36. Nf2 Kg8 37. Qg4+ Qxg4 38. Nxg4 Rg7 39.
Nf6+ Kf7 40. Nd5 Rb7 41. Kf2 Ke6 42. Rh1 Rg6 43. Ra6 Bh6 44. Rxb6 Rbg7 45.
Rh2 f3 46. Rxh6 fxg2 47. Kg1 Kf5 48. Rxg6 Kxg6 49. Rc6 Kf5 50. Rxd6 e4 51.
Rf6+ Ke5 52. Bf4# {Black checkmated} 1-0

[Event "ICC tourney 1921 (15 5)"]
[Site "Internet Chess Club"]
[Date "2020.07.17"]
[Round "6"]
[White "smashattack"]
[Black "ChoppinHeadz"]
[Result "0-1"]
[ICCResult "White resigns"]
[WhiteElo "1444"]
[BlackElo "1514"]
[Opening "Nimzo-Indian: classical, Noa variation, main line, 7.Qc2"]
[ECO "E37"]
[NIC "NI.23"]
[Time "17:10:40"]
[TimeControl "900+5"]

1. d4 Nf6 2. c4 e6 3. Nc3 Bb4 4. Qc2 d5 5. a3 Bxc3+ 6. Qxc3 Ne4 7. Qc2 Qf6
8. Nf3 c6 9. e3 Qe7 10. Bd3 f5 11. O-O O-O 12. b4 Nd7 13. Bb2 Rf6 14. Nd2
Rg6 15. f3 Qg5 16. Nxe4 fxe4 17. fxe4 dxe4 18. Bxe4 Qxe3+ 19. Qf2 Qxf2+ 20.
Rxf2 Rf6 21. Raf1 Rxf2 22. Rxf2 Nf6 23. Bf3 Bd7 24. a4 Re8 25. b5 Rc8 26.
Be2 cxb5 27. axb5 a6 28. bxa6 bxa6 29. c5 a5 30. Bc4 Rb8 31. h3 Rb4 32. Bd3
a4 33. Rc2 Bc6 34. Kf2 Kf7 35. g4 Rb3 36. Ke2 Nd5 37. Bc1 Nb4 38. Rd2 Nxd3
39. Rxd3 Bb5 40. c6 Rxd3 41. c7 Rc3+ {White resigns} 0-1

[Event "ICC tourney 1921 (15 5)"]
[Site "Internet Chess Club"]
[Date "2020.07.17"]
[Round "6"]
[White "LChessMaster"]
[Black "poohfur"]
[Result "1-0"]
[ICCResult "Black resigns"]
[WhiteElo "1608"]
[BlackElo "1431"]
[Opening "Giuoco Pianissimo"]
[ECO "C50"]
[NIC "IG.02"]
[Time "17:11:00"]
[TimeControl "900+5"]

1. e4 e5 2. Nf3 Nc6 3. Bc4 Bc5 4. d3 Nf6 5. Bg5 h6 6. Bh4 d6 7. h3 a6 8. a3
Ba7 9. Nc3 g5 10. Bg3 Be6 11. Nd5 Bxd5 12. Bxd5 Nxd5 13. exd5 Ne7 14. c4 f5
15. Qa4+ Qd7 16. Qxd7+ Kxd7 17. O-O f4 18. Bh2 Nf5 19. b4 Rag8 20. Nd2 h5
21. Ne4 Rg6 22. c5 g4 23. h4 Nxh4 24. g3 Nf3+ 25. Kg2 h4 26. gxf4 h3+ 27.
Kh1 Nxh2 28. f5 Nxf1 29. fxg6 g3 30. fxg3 Ne3 31. g7 Rg8 32. Nf6+ Ke7 33.
Nxg8+ Kf7 34. Ne7 Kxg7 35. cxd6 cxd6 36. Nc8 Bd4 37. Rc1 Ng4 38. Nxd6 h2 39.
Nf5+ Kf6 40. Nxd4 exd4 41. Re1 Ne5 42. Rxe5 Kxe5 43. Kxh2 Kxd5 44. Kg2 Ke5
45. Kf3 Kf5 46. g4+ Ke5 47. g5 Kf5 48. g6 Kxg6 49. Ke4 {Black resigns} 1-0

[Event "ICC tourney 1921 (15 5)"]
[Site "Internet Chess Club"]
[Date "2020.07.17"]
[Round "6"]
[White "castle2king"]
[Black "WCCJCS"]
[Result "0-1"]
[ICCResult "White resigns"]
[WhiteElo "1420"]
[BlackElo "1570"]
[Opening "Sicilian: Canal-Sokolsky attack, 3...Bd7"]
[ECO "B52"]
[NIC "SI.01"]
[Time "17:11:00"]
[TimeControl "900+5"]

1. e4 c5 2. Nf3 d6 3. Bb5+ Bd7 4. Bxd7+ Qxd7 5. O-O Nc6 6. Qe2 Nf6 7. Rd1 e6
8. d4 cxd4 9. Nxd4 Be7 10. c4 Nxd4 11. Rxd4 Qc6 12. Nc3 O-O 13. Be3 Rac8 14.
b3 Rfd8 15. Rad1 h6 16. Qd2 Ng4 17. Nb5 Ra8 18. f3 Nxe3 19. Qxe3 a6 20. Nc3
Bf6 21. R4d3 b5 22. cxb5 axb5 23. Qd2 Qc5+ 24. Kh1 Rdc8 25. Ne2 Qc2 26. Rc1
Rxa2 27. Rxc2 Rcxc2 28. Qe1 Rxe2 29. Qg1 Ra1 30. Rd1 Rxd1 31. Qxd1 Ra2
{White resigns}
0-1

[Event "ICC tourney 1921 (15 5)"]
[Site "Internet Chess Club"]
[Date "2020.07.17"]
[Round "6"]
[White "imranchamp"]
[Black "woodychess"]
[Result "0-1"]
[ICCResult "White checkmated"]
[WhiteElo "1470"]
[BlackElo "1577"]
[Opening "Sicilian: closed"]
[ECO "B23"]
[NIC "SI.44"]
[Time "17:10:40"]
[TimeControl "900+5"]

1. e4 c5 2. Nc3 d6 3. f4 Nc6 4. Nf3 g6 5. Bc4 Bg7 6. O-O e6 7. f5 Nf6 8.
fxe6 Bxe6 9. Bxe6 fxe6 10. d3 O-O 11. Qe1 Qb6 12. Kh1 Rae8 13. Qh4 Nd4 14.
Nxd4 cxd4 15. Ne2 Nd7 16. Bh6 Qxb2 17. Bxg7 Kxg7 18. Rfb1 Qxc2 19. Nxd4 Qxd3
20. Nf3 Nc5 21. e5 d5 22. Rc1 b6 23. Rab1 Rf5 24. Rb3 Qe4 25. Qh3 Ref8 26.
Ra3 a5 27. Rb3 Nxb3 28. Rc7+ R8f7 29. Rxf7+ Rxf7 30. axb3 Qb1+ 31. Ng1 Rf1
32. Qe3 Rxg1+ 33. Qxg1 Qxg1+ 34. Kxg1 b5 35. Kf2 a4 36. bxa4 bxa4 37. Kf3 a3
38. Ke3 a2 39. g4 a1=Q 40. g5 Qxe5+ 41. Kf3 Qxg5 42. h4 Qxh4 43. Ke3 e5 44.
Kf3 Qh3+ 45. Ke2 d4 46. Kd2 e4 47. Ke2 Qh2+ 48. Ke1 d3 49. Kf1 e3 50. Ke1
Qh1# {White checkmated} 0-1

[Event "ICC tourney 1921 (15 5)"]
[Site "Internet Chess Club"]
[Date "2020.07.17"]
[Round "6"]
[White "mancogu"]
[Black "sswagatha"]
[Result "0-1"]
[ICCResult "White resigns"]
[WhiteElo "1307"]
[BlackElo "1442"]
[Opening "Ruy Lopez: exchange variation, 5.O-O"]
[ECO "C68"]
[NIC "RL.08"]
[Time "17:10:38"]
[TimeControl "900+5"]

1. e4 e5 2. Nf3 Nc6 3. Bb5 a6 4. Bxc6 dxc6 5. O-O Bg4 6. d3 Bc5 7. Be3 Bb6
8. Bxb6 cxb6 9. Nbd2 Nf6 10. Re1 O-O 11. h3 Bh5 12. Qe2 Re8 13. Qe3 c5 14.
Nc4 b5 15. Ncxe5 Bxf3 16. Nxf3 Nd5 17. Qxc5 Nb6 18. Qc3 Rc8 19. Qd2 Qd7 20.
Rad1 Na4 21. b3 Nc3 22. Ra1 b4 23. a3 a5 24. axb4 axb4 25. Ra4 Nxa4 26. bxa4
Qxa4 27. Rc1 Rc7 28. Nd4 Rec8 29. Rb1 Rd7 30. Rxb4 Qa1+ 31. Kh2 Rxd4 32.
Rxb7 h6 33. Qf4 Qa2 34. Qf5 Qe6 35. Qb5 Rxc2 36. Rb8+ Rc8 37. Rb6 Qd7 38.
Qe5 Rxd3 39. f3 Rc6 40. Rb8+ Rc8 41. Rb6 Re8 42. Qg3 Re6 43. Rb8+ Kh7 44.
Qf4 Qd6 {White resigns} 0-1

[Event "ICC tourney 1921 (15 5)"]
[Site "Internet Chess Club"]
[Date "2020.07.17"]
[Round "6"]
[White "sgangavarapu"]
[Black "guineapig25"]
[Result "1-0"]
[ICCResult "Black resigns"]
[WhiteElo "1662"]
[BlackElo "1588"]
[Opening "King's Indian: fianchetto, Simagin variation"]
[ECO "E62"]
[NIC "KI.72"]
[Time "17:10:40"]
[TimeControl "900+5"]

1. d4 Nf6 2. c4 g6 3. g3 Bg7 4. Bg2 O-O 5. Nf3 d6 6. O-O Nc6 7. Nc3 Bg4 8.
h3 Bxf3 9. Bxf3 Nd7 10. e3 e5 11. d5 Ne7 12. Bg2 f5 13. e4 Nf6 14. Bg5 h6
15. Bd2 Kh7 16. Qc2 a5 17. f4 exf4 18. Bxf4 Nh5 19. Ne2 Qd7 20. Rae1 Rae8
21. Kh2 b6 22. Bd2 Be5 23. Bc3 f4 24. Bxe5 dxe5 25. gxf4 exf4 26. Nd4 Nc8
27. e5 Kg7 28. Rg1 g5 29. Bf3 Ng3 30. Bg4 Qf7 31. Ne6+ Kh8 32. Nxf8 Rxf8 33.
Be6 Qg7 34. c5 h5 35. d6 bxc5 36. d7 Nb6 37. Rd1 Rd8 38. Qxc5 Ne2 39. Qxc7
Qe7 40. Qxb6 Nxg1 41. Kxg1 g4 42. Bf5 Qf8 43. Qg6 Qc5+ 44. Kh1 {Black
resigns} 1-0

[Event "ICC tourney 1921 (15 5)"]
[Site "Internet Chess Club"]
[Date "2020.07.17"]
[Round "6"]
[White "piplup0621"]
[Black "Roger436"]
[Result "1-0"]
[ICCResult "Black checkmated"]
[WhiteElo "1348"]
[BlackElo "1365"]
[Opening "King's Indian: fianchetto, classical variation, 8.e4"]
[ECO "E68"]
[NIC "KI.64"]
[Time "17:10:40"]
[TimeControl "900+5"]

1. Nf3 Nf6 2. c4 g6 3. d4 Bg7 4. g3 O-O 5. Bg2 d6 6. Nc3 Nbd7 7. O-O e5 8.
e4 Nh5 9. Bg5 f6 10. Be3 f5 11. exf5 gxf5 12. dxe5 dxe5 13. Ng5 Ndf6 14. Qb3
c6 15. c5+ Kh8 16. Nf7+ Rxf7 17. Qxf7 f4 18. Rad1 Qa5 19. b4 Be6 20. Qxb7
Qa3 21. Qxa8+ Bg8 22. Bd2 fxg3 23. hxg3 Qxb4 24. Ne4 Qd4 25. Bg5 Qc4 26. Nd6
Qe6 27. Bxc6 h6 28. Bxf6 Nxf6 29. Be4 Nxe4 30. Qxe4 Bh7 31. Qa8+ Bg8 32. Ne4
Kh7 33. Rd8 Bf7 34. c6 Be8 35. Rxe8 Qxa2 36. c7 Qf7 37. c8=Q Kg6 38. Re6+
Kh7 39. Rxh6+ Kxh6 40. Qh3+ Kg6 41. Qc6+ Bf6 42. Qg4+ Kh7 43. Nxf6+ Kh6 44.
Kg2 Qg6 45. Ng8+ Kh7 46. Qcxg6+ Kh8 47. Kf3 e4+ 48. Kxe4 a5 49. Kf3 a4 50.
Rh1# {Black checkmated} 1-0

[Event "ICC tourney 1921 (15 5)"]
[Site "Internet Chess Club"]
[Date "2020.07.17"]
[Round "6"]
[White "andrewjiang2"]
[Black "saisneha"]
[Result "0-1"]
[ICCResult "White resigns"]
[WhiteElo "1327"]
[BlackElo "1553"]
[Opening "Giuoco Piano"]
[ECO "C54"]
[NIC "IG.02"]
[Time "17:10:40"]
[TimeControl "900+5"]

1. e4 e5 2. Nf3 Nc6 3. Bc4 Bc5 4. c3 Nf6 5. d3 d6 6. Nbd2 O-O 7. O-O h6 8.
h3 Be6 9. Bb3 Bb6 10. Re1 Re8 11. Bc2 d5 12. Nf1 Qd6 13. Ng3 Rad8 14. Qe2 a6
15. b3 d4 16. c4 Ba5 17. Bd2 Bc3 18. Bxc3 dxc3 19. a3 b5 20. Qe3 Nd4 21.
Nxd4 exd4 22. Qe2 Qf4 23. Qd1 c5 24. Ne2 Qg5 25. f4 Qh4 26. f5 Bc8 27. Rf1
Nh5 28. Kh2 bxc4 29. bxc4 Bd7 30. g4 Nf6 31. Ng1 Rb8 32. Kg2 Rb2 33. Nf3
Nxg4 34. hxg4 Qxg4+ 35. Kh2 Ba4 36. Rc1 Bxc2 37. Rxc2 Rxc2+ 38. Qxc2 Rb8 39.
Qg2 Rb2 40. Rf2 Qxg2+ 41. Kxg2 Rxf2+ 42. Kxf2 c2 {White resigns} 0-1

[Event "ICC tourney 1921 (15 5)"]
[Site "Internet Chess Club"]
[Date "2020.07.17"]
[Round "6"]
[White "magmamaster"]
[Black "RobloxMadCity"]
[Result "1-0"]
[ICCResult "Black checkmated"]
[WhiteElo "1324"]
[BlackElo "1351"]
[Opening "QGD semi-Slav"]
[ECO "D43"]
[NIC "SL.03"]
[Time "17:10:40"]
[TimeControl "900+5"]

1. d4 d5 2. c4 c6 3. Nc3 Nf6 4. Nf3 e6 5. Bg5 Be7 6. Qc2 O-O 7. e3 Nbd7 8.
cxd5 exd5 9. Bd3 b6 10. O-O Bb7 11. Rad1 Rc8 12. Qb1 Qc7 13. e4 dxe4 14.
Nxe4 h6 15. Bxf6 Nxf6 16. Rfe1 Rfd8 17. Bc4 Nxe4 18. Qxe4 Bf6 19. Ne5 Bxe5
20. Qxe5 Qxe5 21. Rxe5 Rc7 22. g3 c5 23. d5 Rcd7 24. f4 b5 25. Bxb5 Rxd5 26.
Rdxd5 Rxd5 27. Rxd5 Bxd5 28. a3 Kf8 29. Kf2 Ke7 30. Ke3 Kd6 31. Kd3 f6 32.
Bc4 Bxc4+ 33. Kxc4 Kc6 34. b3 a5 35. a4 f5 36. h3 g5 37. fxg5 hxg5 38. h4
gxh4 39. gxh4 f4 40. h5 f3 41. Kd3 Kd5 42. h6 f2 43. Ke2 f1=Q+ 44. Kxf1 Kd4
45. h7 Kc3 46. h8=Q+ Kxb3 47. Qe8 c4 48. Qb5+ Kc3 49. Ke2 Kc2 50. Qxa5 c3
51. Qb4 Kc1 52. Qxc3+ Kb1 53. Qd2 Ka1 54. Kd3 Kb1 55. Kc3 Ka1 56. Qb2#
{Black checkmated}
1-0

[Event "ICC tourney 1921 (15 5)"]
[Site "Internet Chess Club"]
[Date "2020.07.17"]
[Round "6"]
[White "insatiable27"]
[Black "siddhu25"]
[Result "0-1"]
[ICCResult "White forfeits on time"]
[WhiteElo "1351"]
[BlackElo "1472"]
[Opening "Caro-Kann: Panov-Botvinnik attack"]
[ECO "B13"]
[NIC "CK.02"]
[Time "17:10:40"]
[TimeControl "900+5"]

1. e4 c6 2. d4 d5 3. exd5 cxd5 4. c4 Nf6 5. Nf3 g6 6. Nc3 Bg7 7. Bd3 O-O 8.
O-O Nc6 9. Bf4 Bg4 10. Be2 dxc4 11. Be3 Nd5 12. Bxc4 Nb6 13. Be2 Bxf3 14.
Bxf3 Nxd4 15. Bxd4 Bxd4 16. Bxb7 Rb8 17. Bf3 Bg7 18. Rc1 Nc4 19. b3 Nd2 20.
Re1 Rc8 21. Nd5 Rxc1 22. Nxe7+ Kh8 23. Qxc1 Nxf3+ 24. gxf3 Qd7 25. Qc6 Qd2
26. Qc1 Qxa2 27. Qe3 Qb2 28. Nc6 a6 29. Nb4 Bc3 30. Nd3 Qxb3 31. Nc5 Qb4 32.
Nxa6 Qa5 33. Rd1 Bg7 34. Nc5 Qb5 35. Ne4 Qa4 36. Qd2 Qa3 37. Qd3 Qe7 38. Ng3
f5 39. Qe3 Qh4 40. Qd4 Bxd4 41. Rf1 f4 42. Ne2 Bc5 {White forfeits on time}
0-1

[Event "ICC tourney 1921 (15 5)"]
[Site "Internet Chess Club"]
[Date "2020.07.17"]
[Round "6"]
[White "cruiseship"]
[Black "lukeye"]
[Result "0-1"]
[ICCResult "White forfeits on time"]
[WhiteElo "1286"]
[BlackElo "1820"]
[Opening "Sicilian: Najdorf"]
[ECO "B90"]
[NIC "SI.14"]
[Time "17:10:40"]
[TimeControl "900+5"]

1. e4 c5 2. Nf3 d6 3. d4 cxd4 4. Nxd4 Nf6 5. Nc3 a6 6. f3 h5 7. Be3 e6 8.
Qd2 Be7 9. Be2 b5 10. O-O-O Bb7 11. Rhe1 Nbd7 12. Bg5 b4 13. Na4 Qa5 14. b3
Nc5 15. a3 Nxa4 16. axb4 Qc7 17. bxa4 Rc8 18. Bd3 Nd7 19. Bxe7 Kxe7 20. f4
Nb6 21. a5 Na4 22. Re3 Nc3 23. Rf1 Rb8 24. f5 e5 25. f6+ gxf6 26. Nf5+ Kd7
27. Bc4 Nxe4 28. Qd3 Rhc8 29. Bxf7 Qc3 30. Qxc3 Rxc3 31. Bxh5 Ba8 32. Rxc3
Nxc3 33. Kb2 Nd5 34. c3 Rc8 35. Bf3 Ke6 36. Bg4 Rh8 37. h3 Nf4 38. g3 Ng6
{White forfeits on time}
0-1

[Event "ICC tourney 1921 (15 5)"]
[Site "Internet Chess Club"]
[Date "2020.07.17"]
[Round "6"]
[White "soggydollar"]
[Black "Hrushichess"]
[Result "1-0"]
[ICCResult "Black resigns"]
[WhiteElo "1420"]
[BlackElo "1349"]
[Opening "French: Tarrasch, closed variation"]
[ECO "C05"]
[NIC "FR.17"]
[Time "17:10:40"]
[TimeControl "900+5"]

1. e4 e6 2. d4 d5 3. Nd2 Nf6 4. e5 Nfd7 5. Bd3 c5 6. c3 Nc6 7. Ne2 Qb6 8.
Nf3 cxd4 9. cxd4 Bb4+ 10. Bd2 Bxd2+ 11. Qxd2 O-O 12. O-O Qd8 13. Nf4 h6 14.
Rac1 Qe8 15. a3 f5 16. h4 Ndb8 17. Qc2 Ne7 18. h5 Nbc6 19. Qc5 Bd7 20. Qd6
Rb8 21. Nxe6 Bxe6 22. Qxe6+ Kh8 23. g4 Nd8 24. Qd6 fxg4 25. Nh4 Nf7 26. Qxe7
Qxe7 27. Ng6+ Kg8 28. Nxe7+ Kh8 29. Ng6+ Kg8 30. Nxf8 Kxf8 31. Bf5 Ng5 32.
Bxg4 {Black resigns} 1-0

[Event "ICC tourney 1921 (15 5)"]
[Site "Internet Chess Club"]
[Date "2020.07.17"]
[Round "6"]
[White "maglrashin"]
[Black "Averyyu321"]
[Result "0-1"]
[ICCResult "White checkmated"]
[WhiteElo "1285"]
[BlackElo "1288"]
[Opening "Sicilian: dragon, Yugoslav attack"]
[ECO "B75"]
[NIC "SI.17"]
[Time "17:10:40"]
[TimeControl "900+5"]

1. e4 c5 2. Nf3 d6 3. d4 cxd4 4. Nxd4 Nf6 5. Nc3 g6 6. Be3 Bg7 7. f3 a6 8.
Qd2 Nbd7 9. Bc4 b5 10. Bb3 Bb7 11. O-O-O Rc8 12. h4 h5 13. Rdg1 Ne5 14. f4
Nc4 15. Bxc4 Rxc4 16. e5 Ng4 17. b3 Rc8 18. exd6 Qxd6 19. Rd1 Qc7 20. Kb2 b4
21. Nce2 a5 22. f5 Nxe3 23. Qxe3 Qxc2+ 24. Ka1 Qxf5 25. Rhf1 Qe4 26. Qg5
Qxe2 27. Qf4 Bd5 28. Rfe1 Qxg2 29. Qd6 Rc1+ 30. Rxc1 Bxd4+ 31. Kb1 Qb2#
{White checkmated}
0-1

[Event "ICC tourney 1921 (15 5)"]
[Site "Internet Chess Club"]
[Date "2020.07.17"]
[Round "6"]
[White "VincentT2008"]
[Black "shankar09"]
[Result "1-0"]
[ICCResult "Black checkmated"]
[WhiteElo "1353"]
[BlackElo "1460"]
[Opening "Grünfeld: exchange variation"]
[ECO "D85"]
[NIC "GI.04"]
[Time "17:10:40"]
[TimeControl "900+5"]

1. d4 Nf6 2. c4 g6 3. Nc3 d5 4. cxd5 Nxd5 5. e4 Nxc3 6. bxc3 Bg7 7. Be3 c5
8. Nf3 Nc6 9. Rc1 Bg4 10. e5 cxd4 11. cxd4 O-O 12. Be2 Qd7 13. O-O Rfd8 14.
Bb5 Bxf3 15. gxf3 a6 16. Bxc6 bxc6 17. Qa4 Rdc8 18. Rfd1 Qd5 19. Kg2 Qb5 20.
Qa3 Qb7 21. Rb1 Qd7 22. Rb6 a5 23. Rc1 Qc7 24. d5 Qxe5 25. dxc6 Rc7 26. Qa4
Qh5 27. Rb7 Be5 28. Bf4 Rac8 29. Rc5 f6 30. Rxc7 Rxc7 31. Qxa5 Rc8 32. c7
Qh4 33. Bxe5 fxe5 34. Rxe5 Qf6 35. Qd5+ Kg7 36. Re6 Qf7 37. Qd7 Rxc7 38.
Qxc7 Qxe6 39. Qc3+ Kf8 40. Qh8+ Kf7 41. Qxh7+ Kf6 42. Qh4+ Kg7 43. Qd4+ Kh7
44. a4 Kg8 45. a5 Kf7 46. Qf4+ Kg8 47. Qb8+ Kg7 48. Qb6 Qf5 49. Qd4+ Kf7 50.
a6 Qa5 51. a7 Kg8 52. Qc4+ Kg7 53. Qd4+ Kg8 54. Qd7 Kf8 55. Qc8+ Kg7 56.
a8=Q Qg5+ 57. Qg4 Qxg4+ 58. fxg4 Kf6 59. Qe8 e6 60. f4 Kg7 61. Qxe6 Kh8 62.
f5 g5 63. f6 Kh7 64. f7 Kg7 65. Qe8 Kh7 66. Qg8+ Kh6 67. f8=B#
{Black checkmated}
1-0

[Event "ICC tourney 1921 (15 5)"]
[Site "Internet Chess Club"]
[Date "2020.07.17"]
[Round "6"]
[White "kralj8"]
[Black "WCCJCB"]
[Result "0-1"]
[ICCResult "White checkmated"]
[WhiteElo "1668"]
[BlackElo "1638"]
[Opening "Sicilian: closed"]
[ECO "B23"]
[NIC "SI.44"]
[Time "17:10:40"]
[TimeControl "900+5"]

1. e4 c5 2. Nc3 d6 3. f4 g6 4. Nf3 Bg7 5. Bc4 Nc6 6. d3 e6 7. O-O Nge7 8.
Qe1 O-O 9. Bd2 a6 10. Qh4 b5 11. Bb3 d5 12. a3 Bb7 13. Rae1 c4 14. Ba2 dxe4
15. dxe4 Nd4 16. Nxd4 Qxd4+ 17. Be3 Qd6 18. Rd1 Qc7 19. Bd4 Rad8 20. Bxg7
Kxg7 21. Kh1 Rxd1 22. Rxd1 Rd8 23. Rxd8 Qxd8 24. h3 Qd6 25. Qf2 e5 26. fxe5
Qxe5 27. Qe2 Ng8 28. a4 Nf6 29. axb5 axb5 30. Nd1 Qxe4 31. Qxe4 Nxe4 32. b3
cxb3 33. Bxb3 f5 34. Kg1 Kf6 35. Kf1 Nd2+ 36. Kf2 Nxb3 37. cxb3 Ke5 38. Nc3
Bc6 39. Ke3 b4 40. Ne2 Bxg2 41. Nf4 Be4 42. Ne2 g5 43. Kd2 h5 44. Ke3 f4+
45. Kd2 g4 46. hxg4 hxg4 47. Nc1 g3 48. Ke2 Kd4 49. Na2 f3+ 50. Kf1 Bd3+ 51.
Kg1 f2+ 52. Kg2 f1=Q+ 53. Kxg3 Ke4 54. Nxb4 Qg1+ 55. Kh4 Qg2 56. Nxd3 Kxd3
57. b4 Ke4 58. b5 Kf5 59. b6 Qg4# {White checkmated} 0-1

[Event "ICC tourney 1921 (15 5)"]
[Site "Internet Chess Club"]
[Date "2020.07.17"]
[Round "6"]
[White "Kinawa"]
[Black "raghuraja"]
[Result "1-0"]
[ICCResult "Black resigns"]
[WhiteElo "1449"]
[BlackElo "1425"]
[Opening "Van't Kruijs opening"]
[ECO "A00"]
[Time "17:10:33"]
[TimeControl "900+5"]

1. e3 d5 2. e4 dxe4 3. Nc3 Nf6 4. Bc4 e6 5. Nge2 b6 6. Ng3 Bb7 7. O-O Nbd7
8. Re1 Bd6 9. Ngxe4 Nxe4 10. Nxe4 Bxe4 11. Rxe4 Nf6 12. Re1 O-O 13. d4 h6
14. c3 c6 15. Qf3 Qc7 16. h3 Rad8 17. Bxh6 Kh8 18. Bg5 Be7 19. Bd3 Nh7 20.
Bxe7 Qxe7 21. Qxc6 Rc8 22. Qf3 Qf6 23. Qxf6 Nxf6 24. Re5 Rfd8 25. Rae1 g6
26. R5e3 Nd5 27. Rf3 Kg7 28. a3 Nf6 29. g4 Rc7 30. Kg2 Rd5 31. Re5 Rxe5 32.
dxe5 Nd7 33. Re3 Nc5 34. Bb5 g5 35. h4 gxh4 36. Kh3 a6 37. Bf1 a5 38. Kxh4
Na4 39. Re2 Nc5 40. Rd2 Rd7 41. Rxd7 Nxd7 42. f4 Nc5 43. Bb5 Kg6 44. Kg3
Ne4+ 45. Kf3 Nc5 46. b4 axb4 47. cxb4 Nb7 48. a4 Kg7 49. Ke4 Kf8 50. f5
exf5+ 51. gxf5 Ke7 52. Ba6 Nd8 53. Kd5 Kd7 54. a5 Kc7 55. axb6+ Kxb6 56. Bc4
Kc7 57. b5 Nb7 58. e6 fxe6+ 59. fxe6 Nd6 60. Bd3 Ne8 61. Bg6 Nd6 62. e7 Kd7
63. e8=Q+ Nxe8 64. Bxe8+ Kc7 65. Kc5 Kb7 66. Bc6+ Kc7 67. b6+ Kb8 68. Kb5
Kc8 69. Ka6 Kb8 70. Bd5 Kc8 71. Ka7 {Black resigns} 1-0

[Event "ICC tourney 1921 (15 5)"]
[Site "Internet Chess Club"]
[Date "2020.07.17"]
[Round "6"]
[White "espark"]
[Black "funplaychess"]
[Result "0-1"]
[ICCResult "White resigns"]
[WhiteElo "1683"]
[BlackElo "1818"]
[Opening "Sicilian: Najdorf"]
[ECO "B90"]
[NIC "SI.14"]
[Time "17:10:40"]
[TimeControl "900+5"]

1. e4 c5 2. Nf3 d6 3. d4 cxd4 4. Nxd4 Nf6 5. Nc3 a6 6. Nb3 g6 7. Be2 Bg7 8.
g4 Nc6 9. g5 Nd7 10. Be3 b5 11. Nd4 Bb7 12. Nxc6 Bxc6 13. Bd4 Bxd4 14. Qxd4
Rg8 15. h4 Qb6 16. O-O-O Qxd4 17. Rxd4 Nc5 18. Bg4 Kd8 19. Rhd1 Kc7 20. Nd5+
Bxd5 21. exd5 f5 22. gxf6 exf6 23. b4 Nd7 24. Be6 Rge8 25. Rf4 f5 26. h5 Nf8
27. hxg6 hxg6 28. Re1 Re7 29. Rf3 Nxe6 30. dxe6 Rae8 31. Rc3+ Kb6 32. Rd3
Rxe6 33. Rxd6+ Rxd6 34. Rxe8 Kc6 35. Re5 Kd7 36. Re3 Rd4 37. c3 Rf4 38. Re2
g5 39. Kd2 Rf3 40. Kc2 g4 41. Kb3 f4 42. Rc2 g3 43. fxg3 fxg3 44. a4 Ke6 45.
axb5 axb5 46. Re2+ Kf5 47. Re8 Kf4 48. Re7 g2 49. Rf7+ Kg3 50. Rg7+ Kf2
{White resigns}
0-1